 Dungeon Crawl Stone Soup version 0.29-a0-892-g2c4c91d9db (webtiles) character file.

Game seed: 741734658456943839

19539 RevDB the Stormcaller (level 12, -3/66 HPs)
             Began as a Tengu Air Elementalist on July 22, 2022.
             Was a Believer of Vehumet.
             Slain by a tyrant leech (14 damage)
             ... on level 3 of the Lair of Beasts.
             The game lasted 02:03:58 (10871 turns).

RevDB the Stormcaller (Tengu Air Elementalist)     Turns: 10871, Time: 02:04:00

Health: -3/66      AC:  7    Str:  9    XL:     12   Next: 70%
Magic:  11/28      EV: 21    Int: 23    God:    Vehumet [**....]
Gold:   760        SH: 12    Dex: 21    Spells: 4/19 levels left

rFire   . . .      SeeInvis .   l - +3 falchion "Miast" {vamp, MP+9 Int+3}
rCold   . . .      Faith    .   N - +0 kite shield
rNeg    . . .      Spirit   .   a - +0 robe
rPois   .          Reflect  .   (helmet restricted)
rElec   .          Harm     .   O - +1 cloak
rCorr   .          Rampage  .   x - +2 pair of gloves
Will    .....                   (boots unavailable)
Stlth   ++........              m - amulet of magic regeneration
HPRegen 0.21/turn               n - +6 ring of dexterity
MPRegen 0.61/turn               G - ring of wizardry

@: flying quickly and evasively, quick
A: beak, talons 3, nimble flight
a: Renounce Religion


You were on level 3 of the Lair of Beasts.
You worshipped Vehumet.
Vehumet was pleased with you.
You visited 5 branches of the dungeon, and saw 15 of its levels.

You collected 787 gold pieces.
You donated 27 gold pieces to Zin.

Inventory:

Hand Weapons
 l - the +3 falchion "Miast" (weapon) {vamp, MP+9 Int+3}
   (You found it on level 2 of the Dungeon)

   It occasionally heals its wielder for a portion of the damage dealt when it
   wounds a living foe.
   Int:       It affects your intelligence (+3).
   MP:        It affects your magic capacity (+9).
Missiles
 J - a throwing net
Armour
 a - a +0 robe (worn)
 f - a +0 ring mail
 j - a scarf of resistance
 x - a +2 pair of gloves (worn)
 A - a +0 leather armour
 N - a +0 kite shield (worn)
 O - a +1 cloak (worn)
Jewellery
 m - an amulet of magic regeneration (around neck)
 n - a +6 ring of dexterity (left hand)
 v - a ring of protection from fire
 F - an amulet of regeneration
 G - a ring of wizardry (right hand)
 I - a +6 ring of strength
Wands
 y - a wand of iceblast (13)
 C - a wand of digging (7)
 L - a wand of mindburst (14)
 Q - a wand of flame (2)
Scrolls
 d - a scroll of butterflies {unknown}
 h - 2 scrolls of fear
 i - a scroll of amnesia {unknown}
 p - 3 scrolls of blinking
 q - a scroll of magic mapping {unknown}
 r - 2 scrolls of enchant weapon {unknown}
 u - 6 scrolls of enchant armour
 w - 2 scrolls of immolation {unknown}
 z - 4 scrolls of teleportation
 E - 4 scrolls of vulnerability
 P - 2 scrolls of poison {unknown}
 R - a scroll of identify
Potions
 b - 2 potions of magic
 c - 2 potions of resistance {unknown}
 e - 2 potions of berserk rage {unknown}
 g - 3 potions of invisibility
 k - 5 potions of mutation
 o - 2 potions of heal wounds {unknown}
 s - a potion of attraction {unknown}
 t - 3 potions of degeneration {unknown}
 B - 3 potions of curing
 D - a potion of ambrosia {unknown}
 H - a potion of brilliance {unknown}
 K - 3 potions of lignification {unknown}
 M - a potion of flight {unknown}


   Skills:
 - Level 4.0 Fighting
 - Level 2.0 Long Blades
 - Level 10.0 Dodging
 - Level 2.2 Stealth
 - Level 8.0 Shields
 - Level 4.0 Spellcasting
 + Level 11.9 Conjurations
 - Level 17.0 Air Magic


You had 4 spell levels left.
You knew the following spells:

 Your Spells              Type           Power      Damage    Failure   Level
a - Shock                 Conj/Air       100%       1d9       1%          1
b - Static Discharge      Conj/Air       63%        3-11/arc  1%          2
c - Swiftness             Air            70%        N/A       1%          3
d - Airstrike             Air            35%        0-11+     1%          4
e - Lightning Bolt        Conj/Air       31%        1d48      1%          5

Your spell library contained the following spells:

 Spells                   Type           Power      Damage    Failure   Level
 Frozen Ramparts          Ice            8%         1d2       28%         3
 Corpse Rot               Necr/Pois/Air  30%        N/A       11%         4
 Gell's Gravitas          Tloc           4%         N/A       28%         3
 Lesser Beckoning         Tloc           4%         N/A       28%         3
 Teleport Other           Tloc           4%         N/A       28%         3
 Cause Fear               Hex            2%         N/A       65%         4
 Dispel Undead            Necr           4%         3d7       65%         4
 Maxwell's Capacitive Co  Air            35%        ∞         50%         8
 Death Channel            Necr           2%         N/A       100%        6
 Dragon Form              Tmut           2%         N/A       100%        7
 Dragon's Call            Summ           2%         N/A       100%        9


Dungeon Overview and Level Annotations

Branches:
Dungeon (9/15)             Temple (1/1) D:6            Lair (3/5) D:9
  Swamp (1/4) Lair:3       Spider (1/4) Lair:2
    Orc: D:9-12

Altars:
Ashenzari
Cheibriados
Dithmenos
Elyvilon
Fedhas
Gozag
Hepliaklqana
Kikubaaqudgha
Makhleb
Nemelex Xobeh
Okawaru
Qazlal
Ru
Sif Muna
Trog
Uskayaw
Vehumet
Wu Jian
Xom
Yredelemnul
Zin
The Shining One

Shops:
D:4 (

Annotations:
Spider:1 Frances


Innate Abilities, Weirdness & Mutations

You have a beak for a mouth.
You have claws for feet.
Your magical nature lets you fly swiftly and evasively.


Message History

Aim: a swamp worm (55% to hit)
You hear a mighty clap of thunder!
The bolt of lightning misses the tyrant leech.
The bolt of lightning misses the swamp worm.
You hear an angry buzzing noise.
You hear a shout!
You hear a roar!
You hear an angry buzzing noise. x3; You hear a chilling moan.
You hear a shout! x2
A vampire mosquito comes into view.
The tyrant leech bites you!!
The tyrant leech draws strength from your injuries!
Casting: Lightning Bolt (dangerous; 1% risk of failure)
Confirm with . or Enter, or press ? or * to list all spells.
Aiming: Lightning Bolt (dangerous; 1% risk of failure)
Press: ? - help, Shift-Dir - straight line, f/p - swamp worm
Aim: a swamp worm (55% to hit)
You hear a mighty clap of thunder!
The bolt of lightning misses the tyrant leech.
The bolt of lightning misses the swamp worm.
You hear a shout!
An eight-headed hydra comes into view.
A vampire mosquito comes into view. x2
The spriggan rider shouts!
The spriggan rider hits you from afar with a +0 spear.
There is a staircase back to the Lair here.
The tyrant leech bites you.
The tyrant leech draws strength from your injuries!
The spriggan rider hits you from afar with a +0 spear!!
* * * LOW HITPOINT WARNING * * *
You fly upwards.
Welcome back to the Lair of Beasts!
There is a staircase to the Swamp here.
Press: ? - help, v - describe, . - travel
Here: a tyrant leech (thin mist, moderately wounded) Some shallow water.
Casting: Lightning Bolt (dangerous; 1% risk of failure)
Confirm with . or Enter, or press ? or * to list all spells.
Aiming: Airstrike (safe; 1% risk of failure)
Press: ? - help, Dir - move target, f - tyrant leech
Aim: a tyrant leech (thin mist, moderately wounded, empty space bonus: 6/8)
The air twists around and strikes the tyrant leech!
The tyrant leech is heavily wounded.
The tyrant leech bites you!
You die...

### #.### ##...##
##.....♣ #..♣♣§♣♣ #
#######†♣♣§§♣♣♣
######.##.##.♣≈w§§≈♣
.............♣≈§@§§♣
....<..#P####♣♣≈≈≈≈♣
......#### ♣≈♣♣♣♣
#.....# ♣♣♣ ......#
P.....# P......#
......P# .......#


You could see a tyrant leech.

Vanquished Creatures
  Kirke (Lair:3)
  2 hydras
  A centaur warrior (D:8)
  A two-headed ogre (D:9)
  A death yak (Lair:2)
  2 elephants (Lair:3)
  A torpor snail (Lair:2)
  A black mamba (Lair:2)
  A gargoyle (D:8)
  A cane toad (Lair:2)
  A demonic crawler (Lair:2)
  2 komodo dragons (Lair:3)
  2 rime drakes
  A hornet (D:8)
  A troll (D:8)
  Grinder (D:3)
  Prince Ribbit (D:6)
  2 tyrant leeches (Lair:3)
  4 blink frogs (Lair:1)
  26 yaks
  4 wyverns
  2 hogs (Lair:3)
  The ghost of alksdfjalsdfasdf the Magician, an amateur DgCj (D:4)
  7 water moccasins
  2 sky beasts (D:8)
  6 black bears
  3 orc warriors
  An ice beast (D:5)
  3 wolves (Lair:2)
  6 ogres
  4 centaurs
  A kobold brigand (D:7)
  A phantom (D:5)
  11 bullfrogs
  2 gnoll sergeants
  3 scorpions
  A necrophage (D:4)
  14 wights
  An electric eel (D:6)
  5 howler monkeys
  4 jellies
  A hound (D:6)
  3 orc priests
  A gnoll bouda (D:9)
  4 iguanas
  6 orc wizards
  12 gnolls
  6 adders
  A shadow imp (D:5)
  2 white imps
  2 ufetubi (D:5)
  2 worms (D:3)
  A dart slug (D:2)
  20 orcs
  3 bats
  8 endoplasms
  4 giant cockroaches
  2 goblins
  7 hobgoblins
  14 kobolds
  4 quokkas
  10 ball pythons
  3 frilled lizards
  3 rats (D:1)
254 creatures vanquished.

Vanquished Creatures (others)
  35 fungi
  47 plants
82 creatures vanquished.

Grand Total: 336 creatures vanquished

Notes
Turn   | Place    | Note
-------+----------+-------------------------------------------
     0 | D:1      | RevDB the Tengu Air Elementalist began the quest for the
                  | Orb.
     0 | D:1      | Reached XP level 1. HP: 10/10 MP: 4/4
   209 | D:1      | Reached XP level 2. HP: 15/15 MP: 0/6
   686 | D:1      | Found a faded altar of an unknown god.
   815 | D:2      | Reached XP level 3. HP: 19/19 MP: 2/7
   976 | D:2      | Identified the +3 falchion "Miast" {vamp, MP+9 Int+3}
  1177 | D:2      | Learned a level 2 spell: Static Discharge
  1181 | D:2      | Learned a level 3 spell: Swiftness
  1364 | D:3      | Reached XP level 4. HP: 23/24 MP: 8/8
  1448 | D:3      | Reached skill level 1 in Fighting
  1493 | D:3      | Found a white marble altar of Elyvilon.
  1530 | D:3      | Noticed Grinder
  1568 | D:3      | HP: 1/25 [Grinder/nerve-wracking pain (8)]
  1579 | D:3      | Killed Grinder
  1580 | D:3      | Reached skill level 5 in Air Magic
  1580 | D:3      | Reached skill level 5 in Conjurations
  1580 | D:3      | Gained mutation: Your magical nature lets you fly swiftly
                  | and evasively. [Tengu growth]
  1580 | D:3      | Reached XP level 5. HP: 3/29 MP: 9/9
  1580 | D:3      | Reached XP level 6. HP: 3/34 MP: 10/10
  2369 | D:3      | Found a basalt altar of Yredelemnul.
  2490 | D:4      | Found Ukliafuy's Weapon Shoppe.
  2535 | D:4      | Reached skill level 6 in Air Magic
  2568 | D:4      | Found a runed translucent gate.
  2568 | D:4      | Found a runed translucent gate.
  2569 | D:4      | Found a runed translucent gate.
  2570 | D:4      | Noticed alksdfjalsdfasdf's ghost (amateur DgCj)
  2580 | D:4      | Identified the +1 chain mail of Gevek {Slay+2}
  2580 | D:4      | Noticed an orc warrior
  2707 | D:4      | Reached skill level 5 in Dodging
  2707 | D:4      | Reached XP level 7. HP: 36/40 MP: 11/11
  2713 | D:4      | Learned a level 4 spell: Airstrike
  2754 | D:4      | Reached skill level 7 in Air Magic
  2827 | D:4      | Reached skill level 8 in Air Magic
  3158 | D:4      | Reached skill level 9 in Air Magic
  3158 | D:4      | Reached XP level 8. HP: 14/44 MP: 13/13
  3397 | D:4      | Killed alksdfjalsdfasdf's ghost
  3514 | D:5      | Entered Level 5 of the Dungeon
  3628 | D:5      | Learned a level 5 spell: Lightning Bolt
  3673 | D:5      | Reached skill level 10 in Air Magic
  4123 | D:6      | Reached XP level 9. HP: 48/48 MP: 16/16
  4123 | D:6      | Found a snail-covered altar of Cheibriados.
  4155 | D:6      | Noticed Prince Ribbit
  4198 | D:6      | Killed Prince Ribbit
  4216 | D:6      | Reached skill level 11 in Air Magic
  4386 | D:6      | Found a staircase to the Ecumenical Temple.
  4395 | Temple   | Entered the Ecumenical Temple
  4485 | Temple   | Became a worshipper of Zin the Law-Giver
  4485 | Temple   | Reached * piety under Zin
  4486 | Temple   | Fell from the grace of Zin
  5039 | D:6      | Found an iron altar of Okawaru.
  5039 | D:6      | Found a glowing golden altar of the Shining One.
  5279 | D:7      | Reached skill level 1 in Long Blades
  5402 | D:7      | Reached skill level 12 in Air Magic
  5425 | D:7      | Reached XP level 10. HP: 52/53 MP: 1/17
  5498 | D:7      | Found a radiant altar of Vehumet.
  5502 | D:7      | Became a worshipper of Vehumet
  6324 | D:8      | Reached skill level 13 in Air Magic
  6419 | D:8      | Noticed a centaur warrior
  6426 | D:8      | Killed a centaur warrior
  6760 | D:8      | Noticed a gargoyle
  6762 | D:8      | Killed a gargoyle
  7019 | D:9      | Noticed a two-headed ogre
  7032 | D:9      | Killed a two-headed ogre
  7033 | D:9      | Reached skill level 14 in Air Magic
  7284 | D:8      | Paralysed by a hornet for 1 turns
  7520 | D:8      | Reached skill level 15 in Air Magic
  7601 | D:9      | Reached XP level 11. HP: 60/60 MP: 16/18
  7601 | D:9      | Reached * piety under Vehumet
  7601 | D:9      | Offered knowledge of Magic Dart by Vehumet.
  7605 | D:9      | Reached skill level 10 in Dodging
  7969 | D:9      | Found a staircase to the Lair.
  8016 | D:9      | Found a shimmering altar of Xom.
  8654 | Lair:1   | Entered Level 1 of the Lair of Beasts
  8662 | Lair:1   | Reached skill level 1 in Shields
  8969 | Lair:1   | Noticed a four-headed hydra
  8995 | Lair:1   | Killed a four-headed hydra
  8996 | Lair:1   | Reached skill level 16 in Air Magic
  9500 | Lair:2   | Noticed a death yak
  9613 | Lair:2   | Killed a death yak
  9613 | Lair:2   | Offered knowledge of Sandblast by Vehumet.
  9614 | Lair:2   | Reached skill level 5 in Shields
  9648 | Lair:2   | Reached ** piety under Vehumet
  9789 | Lair:2   | Found a hole to the Spider Nest.
  9914 | Lair:2   | Reached XP level 12. HP: 66/66 MP: 19/19
 10004 | Lair:2   | Noticed a six-headed hydra
 10008 | Lair:2   | Killed a six-headed hydra
 10009 | Lair:2   | Reached skill level 10 in Conjurations
 10316 | Spider:1 | Entered Level 1 of the Spider Nest
 10316 | Spider:1 | Noticed Frances
 10396 | Lair:3   | Reached skill level 17 in Air Magic
 10519 | Lair:3   | Noticed a seven-headed hydra
 10708 | Lair:3   | Noticed Kirke
 10715 | Lair:3   | Killed Kirke
 10725 | Lair:3   | Offered knowledge of Frozen Ramparts by Vehumet.
 10836 | Lair:3   | Found a staircase to the Swamp.
 10860 | Swamp:1  | Entered Level 1 of the Swamp
 10866 | Swamp:1  | Noticed an eight-headed hydra
 10871 | Lair:3   | Slain by a tyrant leech

Illustrated notes

Levels and vault maps discovered:
D:1:      shiori_arrival_elements, layout_basic,
          chequers_ecumenical_altar_island
D:2:      layout_rooms
D:3:      layout_basic, kennysheep_ying_yang, minmay_misc_feat_columns,
          saegor_snake_ambush, uniq_grinder
D:4:      layout_loops_ring, serial_shops, nicolae_shop_hallway_plus,
          biasface_ghost_orc_armoury
D:5:      layout_loops_ring, nicolae_kite_square_tiling_tiny
D:6:      layout_loops_ring, overflow_temple_1_default,
          gammafunk_temple_overflow_statue, minmay_temple_entry_waves,
          serial_bayou_pond_b, uniq_prince_ribbit1
D:7:      layout_basic, vehumet_crystals
D:8:      minmay_cornered_nines, layout_rooms, minmay_misc_feat_chi,
          grunt_ogre_cave, minivault_26
D:9:      layout_loops_ring, brannock_xom_greatest_gift,
          grunt_lair_entry_orc_guard_hut
Temple:   eino_wide_crystal_templ
Lair:1:   layout_long_grid
Lair:2:   layout_chaotic_city, dummy_spider_entry, grunt_forest_stairs_basic
Lair:3:   layout_chaotic_city, minmay_swamp_entry_worms, st_stairs_7, uniq_kirke
Swamp:1:  layout_basic_swamp, evilmike_swamp_ruin_house_1
Spider:1: layout_spider_delve, uniq_frances

Skill      XL: |  1  2  3  4  5  6  7  8  9 10 11 12 |
---------------+-------------------------------------+-----
Conjurations   | 3 4 5 8 9 11 | 11.9
Fighting       | 1 2 3 4 |  4.0
Dodging        | 4 5 7 9 10 | 10.0
Air Magic      | 5 6 9 10 12 15 16 17 | 17.0
Spellcasting   | 4 |  4.0
Long Blades    | 1 2 |  2.0
Shields        | 6 8 |  8.0
Stealth        | |  2.2

Action                   |  1- 3 |  4- 6 |  7- 9 | 10-12 || total
-------------------------+-------+-------+-------+-------++-------
Melee: Unarmed           |     4 |       |       |       ||     4
       Falchion          |     1 |    14 |    24 |    43 ||    82
       Kick              |     1 |     5 |     7 |    19 ||    32
       Peck              |       |     3 |     3 |    10 ||    16
       Punch             |       |       |     1 |       ||     1
 Cast: Shock             |    62 |    57 |    91 |    42 ||   252
       Static Discharge  |       |     2 |     1 |     5 ||     8
       Swiftness         |       |     1 |       |     2 ||     3
       Airstrike         |       |       |    48 |   122 ||   170
       Lightning Bolt    |       |       |    10 |    60 ||    70
Invok: Renounce Religion |       |       |     1 |       ||     1
  Use: Scroll            |       |       |     4 |     5 ||     9
       Potion            |       |       |       |     1 ||     1
 Stab: Sleeping          |       |       |     1 |       ||     1
Armor: Robe              |     7 |     2 |     3 |    12 ||    24
Dodge: Dodged            |    17 |     5 |    37 |    78 ||   137
Block: Kite shield       |       |       |       |    28 ||    28

Table legend: (Time is in decaauts)
 A = Elapsed time spent in this place.
 B = Non-inter-level travel time spent in this place.
 C = Inter-level travel time spent in this place.
 D = Time resting spent in this place.
 E = Time spent auto-exploring this place.
 F = Levels seen in this place.
 G = Mean time per level.
                   A        B        C        D        E       F      G
               +--------+--------+--------+--------+--------+-----+--------+
         Total |  10309 |  10057 |    252 |   2543 |   1170 |  15 |  687.3 |
       Dungeon |   8141 |   7945 |    196 |   2277 |    731 |   9 |  904.6 |
        Temple |    101 |    101 |      0 |      0 |      0 |   1 |  101.0 |
          Lair |   2052 |   1997 |     55 |    266 |    439 |   3 |  684.0 |
         Swamp |      9 |      9 |      0 |      0 |      0 |   1 |    9.0 |
   Spider Nest |      5 |      5 |      0 |      0 |      0 |   1 |    5.0 |
               +--------+--------+--------+--------+--------+-----+--------+

Top non-repeatable levels by time:
     D:8: 1211 daAuts
     D:7: 1141 daAuts
     D:3: 1114 daAuts
  Lair:2: 1041 daAuts
     D:9: 1029 daAuts
     D:4: 1007 daAuts
     D:6: 771 daAuts
     D:1: 759 daAuts
  Lair:1: 695 daAuts
     D:5: 579 daAuts
     D:2: 526 daAuts
  Lair:3: 315 daAuts
  Temple: 101 daAuts
 Swamp:1: 9 daAuts
Spider:1: 5 daAuts
